Map: 블랙핑크 - 래더

Players

Classic

  • Race: Protoss Protoss
  • League: Master
  • Spawn Location: 7:00

GuMiho - Winner!

  • Race: Terran Terran
  • League: Master
  • Spawn Location: 1:00

VOD

Have the link to the VOD?

Description

Time

  • Played on: Dec. 23, 2017, 6:05 a.m.
  • Length: 10:12
Show
View Real Time Build Order
Export as new Build Order

Classic Protoss 

Build Orders: 1 Gate Expand, Blink Stalkers 

Get SALT Encoding   

  12  0:00  Probe  
  13  0:12  Probe  
  14  0:17  Pylon  
  14  0:25  Probe (Chrono Boost)  
  15  0:37  Probe (Chrono Boost)  
  15  0:39  Gateway  
  16  0:43  Probe (Chrono Boost)  
  16  0:45  Assimilator  
  17  0:51  Probe  
  18  1:03  Probe  
  19  1:15  Probe  
  20  1:23  Nexus  
  20  1:32  Cybernetics Core  
  20  1:35  Probe  
  21  1:40  Assimilator  
  21  1:47  Probe  
  21  1:51  Pylon  
  22  1:59  Probe  
  23  2:06  Stalker (Chrono Boost)  
  23  2:08  Warp Gate  
  23  2:11  Probe  
  26  2:23  Robotics Facility  
  26  2:25  Probe (Chrono Boost)  
  27  2:34  Stalker  
  27  2:36  Probe (Chrono Boost)  
  30  2:41  Probe (Chrono Boost)  
  31  2:46  Probe (Chrono Boost)  
  31  2:49  Probe (Chrono Boost)  
  33  2:52  Probe (Chrono Boost)  
  33  2:54  Probe (Chrono Boost)  
  35  2:59  Twilight Council  
  35  3:02  Probe  
  36  3:06  Probe  
  36  3:09  Stalker  
  39  3:14  Observer, Probe  
  39  3:18  Probe  
  42  3:22  Gateway  
  42  3:28  Gateway  
  42  3:31  Probe  
  42  3:32  Probe  
  44  3:36  Blink (Chrono Boost)  
  44  3:37  Pylon  
  44  3:45  Assimilator  
  44  3:46  Probe  
  44  3:47  Probe  
  46  3:51  Shield Battery  
  35  4:13  Probe (Chrono Boost)  
  35  4:14  Probe (Chrono Boost)  
  35  4:21  Stalker x2  
  39  4:25  Probe (Chrono Boost)  
  39  4:26  Stalker, Probe (Chrono Boost)  
  43  4:32  Pylon  
  43  4:33  Probe x2 (Chrono Boost)  
  43  4:38  Warp Prism  
  45  4:40  Probe x2  
  49  4:52  Stalker x2  
  51  4:57  Stalker  
  55  5:00  Probe x2  
  55  5:03  Pylon  
  57  5:14  Probe x2  
  57  5:20  Stalker  
  61  5:22  Stalker  
  61  5:26  Probe x2  
  65  5:29  Stalker  
  65  5:32  Pylon  
  63  5:50  Stalker  
  63  5:51  Probe (Chrono Boost)  
  63  5:52  Probe (Chrono Boost)  
  63  5:53  Stalker  
  63  5:54  Zealot  
  71  5:58  Pylon  
  71  6:03  Probe (Chrono Boost)  
  72  6:06  Probe (Chrono Boost)  
  72  6:08  Probe (Chrono Boost)  
  74  6:17  Stalker  
  74  6:18  Stalker  
  70  6:20  Stalker  
  70  6:22  Probe  
  70  6:23  Probe  
  71  6:42  Nexus  
  69  6:50  Probe (Chrono Boost)  
  69  6:51  Probe (Chrono Boost)  
  69  6:52  Zealot x3  
  75  7:03  Probe (Chrono Boost)  
  75  7:04  Forge  
  75  7:07  Forge  
  77  7:08  Probe (Chrono Boost)  
  77  7:17  Stalker x3  
  77  7:22  Probe x2  
  85  7:29  Pylon  
  73  7:46  Protoss Ground Weapons Level 1 (Chrono Boost), Protoss Ground Armor Level 1 (Chrono Boost)  
  73  7:48  Probe x2  
  73  7:49  Stalker  
  73  7:50  Stalker  
  79  7:53  Charge  
  79  7:57  Probe  
  80  8:00  Probe x2  
  80  8:05  Gateway  
  82  8:07  Gateway  
  82  8:09  Gateway, Probe  
  83  8:17  Probe x2  
  83  8:26  Probe  
  82  8:29  Gateway x2, Probe  
  82  8:32  Observer  
  82  8:33  Sentry x2  
  82  8:34  Pylon, Zealot  
  90  8:38  Probe x2  
  90  8:40  Assimilator  
  92  8:41  Probe, Assimilator  
  93  8:53  Immortal  
  97  9:02  Probe x3  
  100  9:05  Templar Archives  
  100  9:08  Zealot  
  100  9:09  Zealot x2  
  106  9:11  Pylon  
  106  9:13  Pylon  
  106  9:19  Nexus  
  106  9:33  Pylon  
  106  9:37  Pylon  
  110  9:42  Zealot  
  110  9:43  Zealot x2  
  110  9:44  Zealot  
  116  9:48  Zealot x2  
  102  9:59  Zealot x2  
  97  10:03  Zealot  
  97  10:04  Zealot x3  
  96  10:08  Zealot  
Show
View Real Time Build Order
Export as new Build Order

GuMiho Terran - Winner!

Build Orders: Bio Tank 

Get SALT Encoding   

  12  0:00  SCV  
  13  0:12  SCV  
  14  0:16  Supply Depot  
  14  0:25  SCV  
  15  0:38  SCV  
  15  0:40  Barracks  
  16  0:43  Refinery  
  16  0:50  SCV  
  17  1:02  SCV  
  18  1:14  SCV  
  19  1:26  Orbital Command  
  19  1:27  Marine  
  20  1:42  Command Center  
  20  1:52  SCV  
  21  1:55  Factory  
  21  2:03  Barracks Reactor  
  21  2:04  SCV  
  22  2:09  Supply Depot  
  22  2:16  SCV  
  22  2:18  Refinery  
  23  2:31  SCV  
  24  2:39  Starport  
  24  2:43  SCV  
  25  2:46  Hellion x2  
  29  2:54  Orbital Command  
  29  2:55  SCV  
  30  3:07  SCV, Hellion x2  
  35  3:15  Medivac  
  37  3:20  SCV  
  37  3:21  SCV  
  37  3:23  Supply Depot  
  39  3:30  Cyclone  
  39  3:32  SCV  
  43  3:34  SCV  
  44  3:45  Cyclone, Supply Depot  
  44  3:46  Barracks Tech Lab  
  47  3:50  Starport Tech Lab  
  47  3:51  SCV  
  47  3:52  SCV  
  49  4:07  SCV x2  
  51  4:13  Banshee  
  52  4:19  SCV x2  
  52  4:22  Command Center  
  52  4:26  Marine x2  
  54  4:31  SCV x2, Supply Depot  
  54  4:35  Siege Tank  
  59  4:43  SCV, Marine  
  59  4:44  SCV  
  62  4:46  Bunker  
  62  4:48  Supply Depot  
  62  4:52  Marine  
  62  4:56  SCV x2  
  62  4:58  Barracks  
  65  5:00  Barracks  
  65  5:04  Marine  
  66  5:08  Refinery  
  66  5:09  SCV x2  
  66  5:10  Refinery, Marine  
  69  5:17  Siege Tank  
  71  5:21  SCV x2  
  71  5:28  Marine x2  
  74  5:34  SCV x2  
  77  5:46  SCV x2, Marine x2  
  77  5:47  Supply Depot  
  77  5:48  Barracks Tech Lab  
  77  5:49  Siege Tank  
  80  5:50  Barracks Tech Lab, Supply Depot  
  80  5:51  Orbital Command  
  80  5:58  SCV x2  
  80  6:00  Engineering Bay  
  80  6:02  Engineering Bay  
  80  6:03  Marine  
  80  6:04  Marine  
  80  6:13  Marine x2  
  82  6:21  Siege Tank, Marine x2  
  82  6:23  Stimpack  
  87  6:37  SCV x2  
  87  6:38  Marauder x2  
  87  6:39  Marine x2  
  88  6:53  Siege Tank  
  85  6:55  SCV x2, Starport  
  85  6:57  Marine x2  
  85  6:59  Marine  
  90  7:02  Missile Turret  
  90  7:04  Missile Turret  
  90  7:08  Marine  
  90  7:11  SCV x2  
  90  7:13  Missile Turret  
  90  7:15  Marine x2  
  94  7:17  Marine  
  94  7:19  Supply Depot  
  94  7:20  Combat Shields  
  94  7:21  Supply Depot  
  94  7:22  Terran Infantry Armor Level 1  
  95  7:23  Terran Infantry Weapons Level 1  
  95  7:25  Siege Tank  
  95  7:26  Marine  
  99  7:33  Barracks  
  99  7:36  Barracks  
  99  7:39  Marine  
  99  7:40  Marauder  
  92  7:44  Marauder  
  92  7:47  Starport Reactor  
  92  7:48  SCV  
  92  7:51  Marine  
  92  7:57  Marine  
  93  7:59  Siege Tank  
  93  8:01  Marauder  
  100  8:05  Marauder  
  100  8:07  Supply Depot  
  100  8:10  Marine  
  100  8:11  Supply Depot  
  101  8:13  Supply Depot, Missile Turret  
  101  8:15  Armory, Marine  
  100  8:21  SCV  
  100  8:22  Marauder  
  100  8:23  Orbital Command  
  100  8:26  Medivac, Barracks Tech Lab, Barracks Reactor  
  102  8:28  Medivac  
  102  8:30  Marine  
  102  8:31  Marine  
  102  8:33  Marine  
  107  8:42  Siege Tank  
  107  8:43  Marine  
  111  8:48  Marine x2  
  111  8:49  Missile Turret  
  111  8:50  SCV  
  111  8:51  SCV x2, Marine  
  111  8:52  Marine  
  118  9:02  Medivac x2  
  121  9:04  SCV x3  
  121  9:07  Marine x2  
  126  9:12  Supply Depot, Marine  
  126  9:13  Marine x2  
  126  9:15  Supply Depot, Marine  
  130  9:17  Marine  
  130  9:18  SCV  
  130  9:19  SCV  
  133  9:26  Marine x2  
  133  9:30  Marine x2  
  133  9:31  Marine  
  135  9:32  Siege Tank  
  135  9:33  Marine  
  135  9:34  SCV x2  
  135  9:35  Marine  
  135  9:36  SCV  
  144  9:44  Marine x2  
  146  9:48  Marine x2  
  146  9:49  Marine  
  146  9:51  Marine  
  147  9:52  Marine  
Tags
 
Add a new tag
Caveats
  • Supply blocks, unpowered buildings, or Contaminate may cause inaccurate times.
  • Supply counts are checked every 10 seconds.